ITL
INDIANA HOUNDS @ BLUEVILLE 83'S
08/15/2028
 
TOP OF THE 1ST
Indiana Hounds batting - Pitching for Blueville 83's : RHP Gary Grimes
Pitching: RHP Gary Grimes
Batting: RHB Javier Martínez 0-0: Ball
1-0: Fly out, F6 (Line Drive, 6M)
Batting: RHB Anthony Rucker 0-0: Ball
1-0: Ball
2-0: Foul Ball, location: 2F
2-1: Called Strike
2-2: Foul Ball, location: 2F
2-2: Fly out, F9 (Flyball, 9D)
Batting: RHB Bob Lazzeri 0-0: Foul Ball, location: 2F
0-1: Called Strike
0-2: Ball
1-2: Foul Ball, location: 2F
1-2: Ball
2-2: Ball
3-2: Foul Ball, location: 2F
3-2: Foul Ball, location: 2F
3-2: SINGLE (Flyball, 7S)
Batting: LHB Larry Smith 0-0: Called Strike
0-1: Foul Ball, location: 2F
0-2: Foul Ball, location: 2F
0-2: Strikes out swinging
Top of the 1st over - 0 run(s), 1 hit(s), 0 error(s), 1 left on base; Indiana 0 - Blueville 0
BOTTOM OF THE 1ST
Blueville 83's batting - Pitching for Indiana Hounds : LHP Jeff Sandusky
Pitching: LHP Jeff Sandusky
Batting: RHB Matt Perkins 0-0: Called Strike
0-1: Swinging Strike
0-2: Ground out 5-3 (Groundball, 56)
Batting: LHB Roberto Trujillo 0-0: Ball
1-0: Ball
2-0: Fly out, F5 (Popup, 5S)
Batting: LHB Felipe Cruz 0-0: Ball
1-0: Called Strike
1-1: Swinging Strike
1-2: Foul Ball, location: 2F
1-2: Ground out 4-3 (Groundball, 34)
Bottom of the 1st over - 0 run(s), 0 hit(s), 0 error(s), 0 left on base; Indiana 0 - Blueville 0
TOP OF THE 2ND
Indiana Hounds batting - Pitching for Blueville 83's : RHP Gary Grimes
Batting: LHB Tommy Evans 0-0: Called Strike
0-1: Swinging Strike
0-2: Ball
1-2: Foul Ball, location: 2F
1-2: Foul Ball, location: 2F
1-2: Strikes out swinging
Batting: LHB Chandler Hubbard 0-0: Ball
1-0: Called Strike
1-1: Foul Ball, location: 2F
1-2: Ball
2-2: SINGLE (Line Drive, 4MD)
Batting: RHB Francisco Tañón 0-0: Ball
1-0: Fly out, F9 (Flyball, 9LMF)
Batting: SHB Charles Alexander 0-0: Ball
1-0: Foul Ball, location: 2F
1-1: Called Strike
1-2: Ball
2-2: Foul Ball, location: 2F
2-2: Foul Ball, location: 2F
2-2: Fly out, F5 (Line Drive, 5S)
Top of the 2nd over - 0 run(s), 1 hit(s), 0 error(s), 1 left on base; Indiana 0 - Blueville 0
BOTTOM OF THE 2ND
Blueville 83's batting - Pitching for Indiana Hounds : LHP Jeff Sandusky
Batting: SHB Tim Reid 0-0: Called Strike
0-1: Foul Ball, location: 2F
0-2: Ball
1-2: Ball
2-2: Foul Ball, location: 2F
2-2: Reached on error, E9 (Flyball, 89M)
Batting: LHB Ricardo Romero 0-0: Called Strike
0-1: Called Strike
0-2: Strikes out swinging
Batting: LHB Vincente Sáenz 0-0: Foul Ball, location: 2F
0-1: Called Strike
0-2: Ball
1-2: Foul Ball, location: 2F
1-2: Foul Ball, location: 2F
1-2: Strikes out swinging
Batting: LHB Ron Robinson 0-0: Ball
1-0: Ball
2-0: Called Strike
2-1: Called Strike
2-2: Ball
3-2: Fly out, F8 (Flyball, 78M)
Bottom of the 2nd over - 0 run(s), 0 hit(s), 1 error(s), 1 left on base; Indiana 0 - Blueville 0
TOP OF THE 3RD
Indiana Hounds batting - Pitching for Blueville 83's : RHP Gary Grimes
Batting: LHB Manny Hernández 0-0: Called Strike
0-1: Foul Ball, location: 2F
0-2: Ball
1-2: Foul Ball, location: 2F
1-2: Ball
2-2: Ball
3-2: Strikes out swinging
Batting: RHB Javier Martínez 0-0: Ball
1-0: Ball
2-0: Foul Ball, location: 2F
2-1: Called Strike
2-2: Strikes out swinging
Batting: RHB Anthony Rucker 0-0: Swinging Strike
0-1: Foul Ball, location: 2F
0-2: Strikes out swinging
Top of the 3rd over - 0 run(s), 0 hit(s), 0 error(s), 0 left on base; Indiana 0 - Blueville 0
BOTTOM OF THE 3RD
Blueville 83's batting - Pitching for Indiana Hounds : LHP Jeff Sandusky
Batting: RHB Yoshihide Takahashi 0-0: Ball
1-0: Ball
2-0: Called Strike
2-1: Fly out, F8 (Flyball, 8LM)
Batting: RHB Fernando Díaz 0-0: Ball
1-0: Ground out 6-3 (Groundball, 6)
Batting: RHB Matt Perkins 0-0: Ball
1-0: SOLO HOME RUN (Flyball, 8RXD), Distance : 439 ft
Batting: LHB Roberto Trujillo 0-0: Foul Ball, location: 2F
0-1: Foul Ball, location: 2F
0-2: Ball
1-2: Foul Ball, location: 2F
1-2: Ground out 6-3 (Groundball, 6)
Bottom of the 3rd over - 1 run(s), 1 hit(s), 0 error(s), 0 left on base; Indiana 0 - Blueville 1
TOP OF THE 4TH
Indiana Hounds batting - Pitching for Blueville 83's : RHP Gary Grimes
Batting: RHB Bob Lazzeri 0-0: Fly out, F8 (Flyball, 8LM)
Batting: LHB Larry Smith 0-0: SINGLE (Groundball, 4MD)
Batting: LHB Tommy Evans 0-0: Called Strike
0-1: Called Strike
Larry Smith is caught stealing 2nd base
0-2: Ball
1-2: Strikes out swinging
Top of the 4th over - 0 run(s), 1 hit(s), 0 error(s), 0 left on base; Indiana 0 - Blueville 1
BOTTOM OF THE 4TH
Blueville 83's batting - Pitching for Indiana Hounds : LHP Jeff Sandusky
Batting: LHB Felipe Cruz 0-0: Ground out U3 (Groundball, 3)
Batting: SHB Tim Reid 0-0: Ball
1-0: Ball
2-0: Fly out, F4 (Line Drive, 4M)
Batting: LHB Ricardo Romero 0-0: Ball
1-0: Ball
2-0: Called Strike
2-1: Ground out 1-3 (Groundball, 13)
Bottom of the 4th over - 0 run(s), 0 hit(s), 0 error(s), 0 left on base; Indiana 0 - Blueville 1
TOP OF THE 5TH
Indiana Hounds batting - Pitching for Blueville 83's : RHP Gary Grimes
Batting: LHB Chandler Hubbard 0-0: Ball
1-0: Foul Ball, location: 2F
1-1: Foul Ball, location: 2F
1-2: Foul Ball, location: 2F
1-2: Strikes out swinging
Batting: RHB Francisco Tañón 0-0: Ball
1-0: Foul Ball, location: 2F
1-1: Called Strike
1-2: Foul Ball, location: 2F
1-2: Strikes out swinging
Batting: SHB Charles Alexander 0-0: Called Strike
0-1: Ball
1-1: Ball
2-1: Foul Ball, location: 2F
2-2: Strikes out swinging
Top of the 5th over - 0 run(s), 0 hit(s), 0 error(s), 0 left on base; Indiana 0 - Blueville 1
BOTTOM OF THE 5TH
Blueville 83's batting - Pitching for Indiana Hounds : LHP Jeff Sandusky
Batting: LHB Vincente Sáenz 0-0: Foul Ball, location: 2F
0-1: SINGLE (Groundball, 6MD)
Batting: LHB Ron Robinson 0-0: Fly out, F9 (Line Drive, 89D)
Batting: RHB Yoshihide Takahashi 0-0: Called Strike
0-1: Ball
1-1: Fly out, F5 (Line Drive, 6)
Batting: RHB Fernando Díaz 0-0: Ball
1-0: Foul Ball, location: 2F
1-1: Foul Ball, location: 2F
1-2: Foul Ball, location: 2F
1-2: Strikes out swinging
Bottom of the 5th over - 0 run(s), 1 hit(s), 0 error(s), 1 left on base; Indiana 0 - Blueville 1
TOP OF THE 6TH
Indiana Hounds batting - Pitching for Blueville 83's : RHP Gary Grimes
Batting: LHB Manny Hernández 0-0: Foul Ball, location: 2F
0-1: Ball
1-1: Ball
2-1: SINGLE (Groundball, 34D)
Batting: RHB Javier Martínez 0-0: Ball
1-0: Fly out, F9 (Flyball, 89M)
Batting: RHB Anthony Rucker 0-0: Ball
1-0: Swinging Strike
1-1: Ball
2-1: Ball
3-1: Base on Balls
Manny Hernández to second
Batting: RHB Bob Lazzeri 0-0: Foul Ball, location: 2F
0-1: Ball
1-1: Foul Ball, location: 2F
1-2: Strikes out swinging
Batting: LHB Larry Smith 0-0: Foul Ball, location: 2F
0-1: 3-RUN HOME RUN (Flyball, 7D), Distance : 383 ft
Batting: LHB Tommy Evans 0-0: Called Strike
0-1: Foul Ball, location: 2F
0-2: Strikes out swinging
Top of the 6th over - 3 run(s), 2 hit(s), 0 error(s), 0 left on base; Indiana 3 - Blueville 1
BOTTOM OF THE 6TH
Blueville 83's batting - Pitching for Indiana Hounds : LHP Jeff Sandusky
Batting: RHB Matt Perkins 0-0: Called Strike
0-1: Ball
1-1: Ball
2-1: Ground out 6-3 (Groundball, 6MD)
Batting: LHB Roberto Trujillo 0-0: Ball
1-0: Ball
2-0: SINGLE (Groundball, 3D)
Batting: LHB Felipe Cruz 0-0: Called Strike
0-1: Fly out, F9 (Flyball, 89S)
Batting: SHB Tim Reid 0-0: Ball
1-0: Foul Ball, location: 2F
1-1: Swinging Strike
1-2: Ball
2-2: Strikes out looking
Bottom of the 6th over - 0 run(s), 1 hit(s), 0 error(s), 1 left on base; Indiana 3 - Blueville 1
TOP OF THE 7TH
Indiana Hounds batting - Pitching for Blueville 83's : RHP Gary Grimes
Batting: LHB Chandler Hubbard 0-0: Called Strike
0-1: Foul Ball, location: 2F
0-2: Ball
1-2: Strikes out swinging
Pitching: LHP António Coronado
Batting: RHB Francisco Tañón 0-0: Called Strike
0-1: Foul Ball, location: 2F
0-2: Strikes out looking
Batting: SHB Charles Alexander 0-0: Ball
1-0: Ball
2-0: Called Strike
2-1: Foul Ball, location: 2F
2-2: Ball
3-2: Foul Ball, location: 2F
3-2: Strikes out swinging
Top of the 7th over - 0 run(s), 0 hit(s), 0 error(s), 0 left on base; Indiana 3 - Blueville 1
BOTTOM OF THE 7TH
Blueville 83's batting - Pitching for Indiana Hounds : LHP Jeff Sandusky
Batting: LHB Ricardo Romero 0-0: Ball
1-0: Foul Ball, location: 2F
1-1: Swinging Strike
1-2: Ground out 3-1 (Groundball, 34S)
Batting: LHB Vincente Sáenz 0-0: Called Strike
0-1: SINGLE (Groundball, 56D)
Batting: LHB Ron Robinson 0-0: Called Strike
0-1: Ball
1-1: Ball
2-1: Swinging Strike
2-2: Strikes out swinging
Batting: RHB Yoshihide Takahashi 0-0: Called Strike
0-1: Fielders Choice at 2nd, 6-4 (Groundball, 6)
Bottom of the 7th over - 0 run(s), 1 hit(s), 0 error(s), 0 left on base; Indiana 3 - Blueville 1
TOP OF THE 8TH
Indiana Hounds batting - Pitching for Blueville 83's : LHP António Coronado
Batting: LHB Manny Hernández 0-0: Called Strike
0-1: Swinging Strike
0-2: Foul Ball, location: 2F
0-2: Ball
1-2: Ball
2-2: Ball
3-2: Ground out 4-3 (Groundball, 4)
Batting: RHB Javier Martínez 0-0: Called Strike
0-1: Swinging Strike
0-2: Ball
1-2: Ball
2-2: Strikes out looking
Batting: RHB Anthony Rucker 0-0: Ball
1-0: Fly out, F9 (Flyball, 9S)
Top of the 8th over - 0 run(s), 0 hit(s), 0 error(s), 0 left on base; Indiana 3 - Blueville 1
BOTTOM OF THE 8TH
Blueville 83's batting - Pitching for Indiana Hounds : LHP Jeff Sandusky
Batting: RHB Fernando Díaz 0-0: Ball
1-0: Ground out 4-3 (Groundball, 4)
Batting: RHB Matt Perkins 0-0: Foul Ball, location: 2F
0-1: Ball
1-1: Foul Ball, location: 2F
1-2: Hit by Pitch
Batting: LHB Roberto Trujillo 0-0: Ball
1-0: Ball
2-0: Ball
3-0: Called Strike
3-1: Swinging Strike
3-2: 2-RUN HOME RUN (Line Drive, 9D), Distance : 385 ft
Pitching: RHP António Encarnación
Batting: LHB Felipe Cruz 0-0: Called Strike
0-1: Fly out, F8 (Flyball, 89M)
Batting: SHB Tim Reid 0-0: Ground out 3-1 (Groundball, 34)
Bottom of the 8th over - 2 run(s), 1 hit(s), 0 error(s), 0 left on base; Indiana 3 - Blueville 3
TOP OF THE 9TH
Indiana Hounds batting - Pitching for Blueville 83's : LHP António Coronado
Pitching: RHP José Ruíz
Pinch Hitting: LHB Junior Coates 0-0: Called Strike
0-1: Called Strike
0-2: Ball
1-2: Strikes out swinging
Pinch Hitting: LHB Denny Poole 0-0: Foul Ball, location: 2F
0-1: Foul Ball, location: 2F
0-2: Ground out 1-3 (Groundball, P)
Batting: LHB Tommy Evans 0-0: Foul Ball, location: 2F
0-1: Swinging Strike
0-2: Ball
1-2: Ball
2-2: SINGLE (Line Drive, 7LS)
Pinch Hitting: RHB Juan Jose Guevana 0-0: Ball
1-0: Called Strike
1-1: Foul Ball, location: 2F
1-2: Foul Ball, location: 2F
1-2: Strikes out swinging
Top of the 9th over - 0 run(s), 1 hit(s), 0 error(s), 1 left on base; Indiana 3 - Blueville 3
BOTTOM OF THE 9TH
Blueville 83's batting - Pitching for Indiana Hounds : RHP António Encarnación
Pitching: RHP Ronald Moore
Now at C: Eugene Ackerman
Now at 1B: Juan Jose Guevana
Now at 3B: Junior Coates
Batting: LHB Ricardo Romero 0-0: Foul Ball, location: 2F
0-1: Swinging Strike
0-2: Ball
1-2: Ball
2-2: Fly out, F8 (Flyball, 8RM)
Batting: LHB Vincente Sáenz 0-0: SINGLE (Flyball, 89S)
Batting: LHB Ron Robinson 0-0: Fly out, F8 (Flyball, 8RS)
Batting: RHB Yoshihide Takahashi 0-0: Ball
1-0: Swinging Strike
1-1: Ball
2-1: Foul Ball, location: 2F
2-2: Ground out 1-3 (Groundball, 15S)
Bottom of the 9th over - 0 run(s), 1 hit(s), 0 error(s), 1 left on base; Indiana 3 - Blueville 3
TOP OF THE 10TH
Indiana Hounds batting - Pitching for Blueville 83's : RHP José Ruíz
Pinch Hitting: LHB Pepe Vázquez 0-0: Ball
1-0: Foul Ball, location: 2F
1-1: Called Strike
1-2: Foul Ball, location: 2F
1-2: Foul Ball, location: 2F
1-2: Ball
2-2: Ball
3-2: Strikes out swinging
Batting: SHB Charles Alexander 0-0: Called Strike
0-1: Foul Ball, location: 2F
0-2: Fly out, F6 (Popup, 6M)
Batting: LHB Manny Hernández 0-0: Ball
1-0: Ball
2-0: Ball
3-0: Called Strike
3-1: Called Strike
3-2: Base on Balls
Batting: RHB Javier Martínez 0-0: Ball
1-0: Swinging Strike
1-1: Ball
2-1: Swinging Strike
2-2: Ball
3-2: Strikes out looking
Top of the 10th over - 0 run(s), 0 hit(s), 0 error(s), 1 left on base; Indiana 3 - Blueville 3
BOTTOM OF THE 10TH
Blueville 83's batting - Pitching for Indiana Hounds : RHP Ronald Moore
Now in LF: Pepe Vázquez
Batting: RHB Fernando Díaz 0-0: Called Strike
0-1: Swinging Strike
0-2: Strikes out swinging
Batting: RHB Matt Perkins 0-0: Ball
1-0: Called Strike
1-1: Ball
2-1: Fly out, F7 (Flyball, 7D)
Batting: LHB Roberto Trujillo 0-0: Ball
1-0: Swinging Strike
1-1: Called Strike
1-2: Strikes out swinging
Bottom of the 10th over - 0 run(s), 0 hit(s), 0 error(s), 0 left on base; Indiana 3 - Blueville 3
TOP OF THE 11TH
Indiana Hounds batting - Pitching for Blueville 83's : RHP José Ruíz
Batting: RHB Anthony Rucker 0-0: Ball
1-0: Called Strike
1-1: Ball
2-1: Foul Ball, location: 2F
2-2: Ball
3-2: Ground out 6-3 (Groundball, 6)
Pitching: LHP Gian-Andrea Nota
Pinch Hitting: SHB Dave MacThomas 0-0: Ball
1-0: Foul Ball, location: 2F
1-1: Called Strike
1-2: Ball
2-2: Ball
3-2: Foul Ball, location: 2F
3-2: Ground out 4-3 (Groundball, 4M)
Batting: RHB Eugene Ackerman 0-0: Foul Ball, location: 2F
0-1: Swinging Strike
0-2: Ball
1-2: Strikes out swinging
Top of the 11th over - 0 run(s), 0 hit(s), 0 error(s), 0 left on base; Indiana 3 - Blueville 3
BOTTOM OF THE 11TH
Blueville 83's batting - Pitching for Indiana Hounds : RHP Ronald Moore
Now at 3B: Dave MacThomas
Batting: LHB Felipe Cruz 0-0: Called Strike
0-1: Swinging Strike
0-2: Foul Ball, location: 2F
0-2: Ball
1-2: Ball
2-2: Ball
3-2: Strikes out swinging
Batting: SHB Tim Reid 0-0: Ball
1-0: Ball
2-0: Ball
3-0: Base on Balls
Batting: LHB Ricardo Romero 0-0: Called Strike
0-1: Swinging Strike
0-2: Strikes out swinging
Batting: LHB Vincente Sáenz 0-0: Ball
1-0: Called Strike
1-1: Ball
2-1: Ball
3-1: Called Strike
3-2: Fly out, F5 (Line Drive, 5)
Bottom of the 11th over - 0 run(s), 0 hit(s), 0 error(s), 1 left on base; Indiana 3 - Blueville 3
TOP OF THE 12TH
Indiana Hounds batting - Pitching for Blueville 83's : LHP Gian-Andrea Nota
Pinch Hitting: RHB Danny Walker 0-0: Called Strike
0-1: Ball
1-1: Ball
2-1: Called Strike
2-2: Strikes out swinging
Batting: RHB Juan Jose Guevana 0-0: Called Strike
0-1: Ball
1-1: Ball
2-1: Ball
3-1: Swinging Strike
3-2: SINGLE (Groundball, 3D)
Pinch Hitting: RHB Enrico Bonizo 0-0: Ball
1-0: Foul Ball, location: 2F
1-1: Ball
2-1: Called Strike
2-2: SINGLE (Flyball, 89S)
Juan Jose Guevana to second
Runner from 2nd tries for 3rd, SAFE, throw made to third
Pinch Hitting: RHB Octávio Marín 0-0: Fly out, F5 (Line Drive, 5)
Batting: LHB Manny Hernández 0-0: Ball
1-0: Ball
2-0: Foul Ball, location: 2F
2-1: Foul Ball, location: 2F
2-2: Ball
3-2: Ground out 5-3 (Groundball, 5)
Top of the 12th over - 0 run(s), 2 hit(s), 0 error(s), 2 left on base; Indiana 3 - Blueville 3
BOTTOM OF THE 12TH
Blueville 83's batting - Pitching for Indiana Hounds : RHP Ronald Moore
Now at 2B: Danny Walker
Now at SS: Octávio Marín
Now in LF: Enrico Bonizo
Batting: LHB Ron Robinson 0-0: Fly out, F8 (Flyball, 8RM)
Batting: RHB Yoshihide Takahashi 0-0: Called Strike
0-1: Called Strike
0-2: Strikes out swinging
Batting: RHB Fernando Díaz 0-0: Called Strike
0-1: Ball
1-1: Called Strike
1-2: SINGLE (Flyball, 8LS)
Batting: RHB Matt Perkins 0-0: Ball
1-0: Ball
2-0: Ball
3-0: Called Strike
3-1: SINGLE (Groundball, 56D)
Fernando Díaz to second
Batting: LHB Roberto Trujillo 0-0: Called Strike
0-1: Foul Ball, location: 2F
0-2: Ball
1-2: Ground out U3 (Groundball, 34)
Bottom of the 12th over - 0 run(s), 2 hit(s), 0 error(s), 2 left on base; Indiana 3 - Blueville 3
TOP OF THE 13TH
Indiana Hounds batting - Pitching for Blueville 83's : LHP Gian-Andrea Nota
Batting: RHB Javier Martínez 0-0: Ball
1-0: SINGLE (Groundball, 6MD)
Batting: RHB Anthony Rucker 0-0: Sac Bunt - play at first, batter OUT! 1-4
Javier Martínez to second
Batting: SHB Dave MacThomas 0-0: Intentional Walk
Pitching: RHP Clint Tancock
Batting: RHB Eugene Ackerman 0-0: Foul Ball, location: 2F
0-1: Called Strike
0-2: Foul Ball, location: 2F
0-2: Strikes out looking
Batting: RHB Danny Walker 0-0: Ball
1-0: Fielders Choice at 2nd, U4 (Groundball, 4M)
Top of the 13th over - 0 run(s), 1 hit(s), 0 error(s), 2 left on base; Indiana 3 - Blueville 3
BOTTOM OF THE 13TH
Blueville 83's batting - Pitching for Indiana Hounds : RHP Ronald Moore
Pitching: RHP Porter Warren
Batting: LHB Felipe Cruz 0-0: Called Strike
0-1: Swinging Strike
0-2: Ball
1-2: Ball
2-2: Strikes out looking
Batting: SHB Tim Reid 0-0: Ball
1-0: Swinging Strike
1-1: Swinging Strike
1-2: Strikes out swinging
Batting: LHB Ricardo Romero 0-0: Ball
1-0: Foul Ball, location: 2F
1-1: Foul Ball, location: 2F
1-2: Strikes out swinging
Bottom of the 13th over - 0 run(s), 0 hit(s), 0 error(s), 0 left on base; Indiana 3 - Blueville 3
TOP OF THE 14TH
Indiana Hounds batting - Pitching for Blueville 83's : RHP Clint Tancock
Batting: RHB Juan Jose Guevana 0-0: Ball
1-0: Ball
2-0: Foul Ball, location: 2F
2-1: SINGLE (Line Drive, 9S)
Batting: RHB Enrico Bonizo 0-0: Ball
1-0: Bunted foul
1-1: Sac Bunt - play at first, batter OUT! U3
Juan Jose Guevana to second
Pinch Hitting: LHB Jim Clemente 0-0: Ball
1-0: Fly out, F9 (Flyball, 9LSF)
Batting: LHB Manny Hernández 0-0: Ball
1-0: Ball
2-0: Ball
3-0: Called Strike
3-1: Ground out U3 (Groundball, 3)
Top of the 14th over - 0 run(s), 1 hit(s), 0 error(s), 1 left on base; Indiana 3 - Blueville 3
BOTTOM OF THE 14TH
Blueville 83's batting - Pitching for Indiana Hounds : RHP Porter Warren
Now at SS: Rubén Díaz
Batting: LHB Vincente Sáenz 0-0: Ball
1-0: Foul Ball, location: 2F
1-1: Ball
2-1: Called Strike
2-2: Foul Ball, location: 2F
2-2: Strikes out swinging
Batting: LHB Ron Robinson 0-0: Called Strike
0-1: Ball
1-1: Called Strike
1-2: Reached on error, E4 (Groundball, 4)
Batting: RHB Yoshihide Takahashi 0-0: Ball
1-0: Ball
2-0: Foul Ball, location: 2F
2-1: Foul Ball, location: 2F
2-2: Ball
3-2: Strikes out swinging
Batting: RHB Fernando Díaz 0-0: Called Strike
0-1: Foul Ball, location: 2F
0-2: Strikes out swinging
Bottom of the 14th over - 0 run(s), 0 hit(s), 1 error(s), 1 left on base; Indiana 3 - Blueville 3
TOP OF THE 15TH
Indiana Hounds batting - Pitching for Blueville 83's : RHP Clint Tancock
Batting: RHB Javier Martínez 0-0: Foul Ball, location: 2F
0-1: Foul Ball, location: 2F
0-2: Ball
1-2: Ball
2-2: SINGLE (Groundball, 4D)
Batting: RHB Anthony Rucker 0-0: Ball
1-0: Bunted foul
1-1: Sac Bunt - play at first, batter OUT! 2-4
Javier Martínez to second
Batting: SHB Dave MacThomas 0-0: Intentional Walk
Batting: RHB Eugene Ackerman 0-0: Foul Ball, location: 2F
0-1: Fly out, F9 (Flyball, 9LSF)
Batting: RHB Danny Walker 0-0: Called Strike
0-1: Ball
1-1: SINGLE (Line Drive, 4MD)
Javier Martínez to third
Dave MacThomas to second
Runner from 3rd tries for Home, SAFE, no throw
Batting: RHB Juan Jose Guevana 0-0: Fly out, F4 (Popup, 4D)
Top of the 15th over - 1 run(s), 2 hit(s), 0 error(s), 2 left on base; Indiana 4 - Blueville 3
BOTTOM OF THE 15TH
Blueville 83's batting - Pitching for Indiana Hounds : RHP Porter Warren
Batting: RHB Matt Perkins 0-0: Ball
1-0: Ball
2-0: Swinging Strike
2-1: Foul Ball, location: 2F
2-2: Strikes out swinging
Batting: LHB Roberto Trujillo 0-0: Called Strike
0-1: Foul Ball, location: 2F
0-2: Ball
1-2: Ball
2-2: Foul Ball, location: 2F
2-2: Ground out 5-3 (Groundball, 5L)
Batting: LHB Felipe Cruz 0-0: Foul Ball, location: 2F
0-1: Swinging Strike
0-2: Ball
1-2: Ball
2-2: Ball
3-2: Foul Ball, location: 2F
3-2: Strikes out swinging, 2-3 out at first.
Bottom of the 15th over - 0 run(s), 0 hit(s), 0 error(s), 0 left on base; Indiana 4 - Blueville 3
Tuesday, August 8th, 2017 - OOTP Baseball 17.12 Build 75